 Dungeon Crawl Stone Soup version 0.28-a0-124-g73ec313a74 (webtiles) character file.

Game seed: 8824413896817382689

497 voltaire321 the Ducker (level 7, -1/50 HPs)
             Began as a Djinni Gladiator on Aug 15, 2021.
             Killed from afar by Blork the orc (13 damage)
             ... with a puff of frost
             ... on level 4 of the Dungeon.
             The game lasted 00:14:17 (4427 turns).

voltaire321 the Ducker (Djinni Gladiator)           Turns: 4427, Time: 00:14:17

Health: -1/50      AC:  6    Str: 13    XL:     7   Next: 38%
Gold:   127        EV:  9    Int: 10    God:
                   SH:  0    Dex: 16

rFire   + + .      SeeInvis .   a - +0 long sword
rCold   x . .      Faith    .   (no shield)
rNeg    . . .      Spirit   .   x - +0 ring mail
rPois   ∞          Reflect  .   c - +0 helmet
rElec   .          Harm     .   (no cloak)
rCorr   .          Rampage  .   (no gloves)
Will    .....                   (boots unavailable)
Stlth   +.........              (no amulet)
HPRegen 0.16/turn               (no ring)
MPRegen 0.00/turn               (no ring)

@: flying, constricted
A: sickness immunity, fire resistance 2, cold vulnerability 1, float, innate
caster, hp casting, extra vitality 1
a: no special abilities


You were on level 4 of the Dungeon.
You visited 1 branch of the dungeon, and saw 4 of its levels.

You collected 144 gold pieces.
You spent 17 gold pieces at shops.

Inventory:

Hand Weapons
 a - a +0 long sword (weapon)
Missiles
 d - 2 throwing nets
 f - 44 poisoned darts (quivered)
Armour
 b - a +0 leather armour
 c - a +0 helmet (worn)
 w - a +0 kite shield
 x - a +0 ring mail (worn)
Jewellery
 s - a +6 ring of strength
Wands
 r - a wand of flame (25)
 t - a wand of iceblast (4)
Scrolls
 g - a scroll of noise {unknown}
 h - a scroll of fog {unknown}
 k - 3 scrolls of identify {unknown}
 l - a scroll of teleportation {unknown}
 m - a scroll of amnesia {unknown}
 n - a scroll of magic mapping {unknown}
 q - a scroll of silence {unknown}
Potions
 e - 2 potions of lignification {unknown}
 i - a potion of curing
 j - a potion of haste {unknown}
 o - 3 potions of brilliance {unknown}
 p - a potion of ambrosia {unknown}
 u - a potion of cancellation {unknown}
 v - 2 potions of mutation {unknown}


   Skills:
 + Level 3.6 Fighting
 + Level 3.9 Long Blades
 - Level 1.5 Throwing
 + Level 2.8 Armour
 + Level 4.7 Dodging
 + Level 1.7 Shields
 + Level 2.0 Spellcasting


You had 4 spell levels left.
You knew the following spells:

 Your Spells              Type           Power      Damage    Failure   Level
a - Magic Dart            Conj           20%        1d4       26%         1
b - Ensorcelled Hibernat  Hex/Ice        10%        N/A       38%         2
c - Ozocubu's Armour      Ice            5%         N/A       63%         3
Your spell library was empty.

Dungeon Overview and Level Annotations

Branches:
Dungeon (4/15)
 Temple: D:4-7

Altars:

Shops:
D:1 [(*

Annotations:
D:4 Blork the orc


Innate Abilities, Weirdness & Mutations

You are immune to sickness and miasma.
You are immune to poison.
Your flesh is very heat resistant. (rF++)
You are vulnerable to cold. (rC-)
You float through the air rather than walking.
You learn spells naturally, not from books.
Your magical power is your life essence.
You have superior vitality. (+4 HP)


Message History

The plant begins to die.
The ball python bites the plant.
The ball python constricts the plant.
The gnoll hits the plant with a +2 vorpal spear!
A nearby plant withers and dies.
Something loses its grip on the plant.
Something bites the plant.
Something grabs the plant.
The plant is constricted.
Blork the orc is engulfed in a cloud of scalding steam.
Blork the orc hits the plant with a +2 dire flail of protection!
The plant begins to die.
The adder bites you.
* * * LOW HITPOINT WARNING * * *
Something bites the plant.
The plant is constricted.
Blork the orc splashes around in the water.
The adder completely misses you.
A nearby plant withers and dies.
The adder skeleton bites the plant.
Blork the orc miscasts a cantrip.
The ball python barely misses you.
You riposte.
You closely miss the ball python. The ball python grabs you.
The ball python constricts you.
The hobgoblin hits the plant.
The plant begins to die.
The adder bites you.
* * * LOW HITPOINT WARNING * * *
You escape the ball python's grasp.
A nearby plant withers and dies.
The gnoll completely misses the plant.
The adder skeleton bites the plant.
The plant begins to die.
You hear a splashing noise.
You hear a splashing noise.
The adder closely misses you.
A nearby plant withers and dies.
There is a stone staircase leading up here.
The adder skeleton bites the plant.
The plant begins to die.
The adder bites you but does no damage. The ball python barely misses you.
The ball python grabs you.
You stop ascending the stairs.
The ball python constricts you.
The ball python's grasp on you weakens, but your attempt to escape fails.
The adder bites you but does no damage. The ball python closely misses you.
The ball python constricts you.
The adder skeleton bites the plant.
Blork the orc hits you but does no damage.
You feel better. The adder barely misses you.
You riposte.
You hit the adder.
The adder is lightly wounded.
Blork the orc casts a spell at you. The puff of frost hits you!
You feel a terrible chill!
You die...

## ##. .###..# ## ......#
#..## ##.....#
#..######.....# #...
#..@S...$...# #...#
###oS.g....## #...#
#♣≈♣♣♣P..## #...#
#♣≈h≈≈PP≈.# #.S.#
#≈P≈Pg≈≈≈≈♣♣♣ #...#
##♣≈Z≈≈≈≈≈≈≈≈♣
#...######≈≈≈≈≈≈≈≈≈≈≈≈≈≈≈
#.......SP≈≈P≈≈≈≈g≈≈≈≈≈≈≈≈
#...##...≈.≈.≈≈≈≈≈≈≈≈P≈≈≈♣


You could see Blork the orc (fast), a black bear, a gnoll, an adder, a ball
python and an adder skeleton.

Vanquished Creatures
  Sigmund (D:2)
  2 scorpions (D:4)
  A hound (D:3)
  Jessica (D:2)
  Ijyb (D:3)
  A gnoll (D:1)
  5 adders
  An adder skeleton (D:4)
  3 dart slugs
  An orc (D:3)
  7 ball pythons
  5 bats
  8 endoplasms
  3 giant cockroaches (D:1)
  6 goblins
  4 hobgoblins
  8 kobolds
  5 quokkas
  A ball python skeleton (D:3)
  5 frilled lizards
  7 rats
76 creatures vanquished.

Vanquished Creatures (others)
  16 plants (D:4)
16 creatures vanquished.

Grand Total: 92 creatures vanquished

Notes
Turn   | Place    | Note
-------+----------+-------------------------------------------
     0 | D:1      | voltaire321 the Djinni Gladiator began the quest for the
                  | Orb.
     0 | D:1      | Reached XP level 1. HP: 18/18 MP: 0/0
   254 | D:1      | Reached XP level 2. HP: 16/23 MP: 0/0
   398 | D:1      | Found Qeciol's Armour Emporium.
   559 | D:1      | Reached XP level 3. HP: 24/28 MP: 0/0
   559 | D:1      | Learned a level 1 spell: Magic Dart
   643 | D:1      | Found Masmyew's Antique Weapon Shoppe.
   712 | D:1      | Found Gesiath's Assorted Antiques.
   717 | D:1      | Bought a scroll labelled CASUYM EKHI for 17 gold pieces
   777 | D:1      | Reached skill level 1 in Armour
  1715 | D:2      | Reached XP level 4. HP: 29/34 MP: 0/0
  1803 | D:2      | Reached skill level 1 in Spellcasting
  2258 | D:2      | Noticed Sigmund
  2959 | D:3      | Reached XP level 5. HP: 36/39 MP: 0/0
  2959 | D:3      | Learned a level 2 spell: Ensorcelled Hibernation
  2975 | D:3      | Noticed Ijyb
  2993 | D:3      | Killed Ijyb
  2994 | D:3      | Reached skill level 4 in Dodging
  3226 | D:3      | Noticed an ogre
  3308 | D:2      | Noticed Jessica
  3317 | D:2      | Killed Jessica
  3318 | D:2      | Reached XP level 6. HP: 25/46 MP: 0/0
  3590 | D:2      | Killed Sigmund
  3591 | D:2      | Reached skill level 1 in Shields
  3591 | D:2      | Reached XP level 7. HP: 15/50 MP: 0/0
  3591 | D:2      | Learned a level 3 spell: Ozocubu's Armour
  4396 | D:4      | Noticed Blork the orc
  4418 | D:4      | HP: 2/50 [adder (1)]
  4427 | D:4      | Killed from afar by Blork the orc

Illustrated notes

Levels and vault maps discovered:
D:1:      dpeg_arrival_radiant, layout_basic, serial_shops, shop_statue, shop,
          nicolae_shop_trees, st_stairs_9
D:2:      layout_basic, kennysheep_jessica_study, uniq_sigmund
D:3:      layout_rooms, minmay_close_crescents, uniq_ijyb, uniq_jessica
D:4:      layout_layer_cave, okawaru_ov_weapons_minmay, gammafunk_ghost_arena,
          serial_bayou_ford_a, minmay_misc_feat_iff, uniq_duvessa, uniq_natasha,
          uniq_blork_the_orc

Skill      XL: |  1  2  3  4  5  6  7 |
---------------+----------------------+-----
Armour         | 1 2 |  2.8
Long Blades    | 3 |  3.9
Spellcasting   | 1 2 |  2.0
Dodging        | 4 |  4.7
Fighting       | 3 |  3.6
Shields        | 1 |  1.7
Throwing       | |  1.5

Action                   |  1- 3 |  4- 6 |  7- 9 || total
-------------------------+-------+-------+-------++-------
Melee: Long sword        |    95 |    77 |    26 ||   198
Throw: Dart              |     6 |    90 |    15 ||   111
       Throwing net      |     1 |       |       ||     1
 Cast: Magic Dart        |     4 |       |       ||     4
  Use: Potion            |       |     1 |     1 ||     2
 Stab: Sleeping          |     3 |       |       ||     3
       Distracted        |       |       |     1 ||     1
Armor: Leather armour    |    30 |    17 |     5 ||    52
       Ring mail         |       |       |    16 ||    16
Dodge: Dodged            |    55 |    74 |    37 ||   166
       Rpst.: Long sword |    18 |    18 |    12 ||    48

Table legend: (Time is in decaauts)
 A = Elapsed time spent in this place.
 B = Non-inter-level travel time spent in this place.
 C = Inter-level travel time spent in this place.
 D = Time resting spent in this place.
 E = Time spent auto-exploring this place.
 F = Levels seen in this place.
 G = Mean time per level.
                   A        B        C        D        E       F      G
               +--------+--------+--------+--------+--------+-----+--------+
         Total |   4469 |   4210 |    259 |    981 |   1806 |   4 | 1117.2 |
       Dungeon |   4469 |   4210 |    259 |    981 |   1806 |   4 | 1117.2 |
               +--------+--------+--------+--------+--------+-----+--------+

Top non-repeatable levels by time:
     D:1: 1918 daAuts
     D:2: 1735 daAuts
     D:3: 667 daAuts
     D:4: 147 daAuts
